 Dungeon Crawl Stone Soup version 0.27.1 (webtiles) character file.

Game seed: 9450787254831221291

10 Malachi the Ducker (level 2, -3/22 HPs)
             Began as a Demonspawn Gladiator on Aug 24, 2021.
             Frozen to death by an endoplasm (5 damage)
             ... on level 1 of the Dungeon.
             The game lasted 00:00:26 (188 turns).

Malachi the Ducker (Demonspawn Gladiator)            Turns: 188, Time: 00:00:27

Health: -3/22      AC:  4    Str: 14    XL:     2   Next: 10%
Magic:  2/2        EV: 12    Int:  9    God:
Gold:   0          SH:  0    Dex: 14    Spells: 1/1 levels left

rFire    . . .     SeeInvis .   a - +0 quarterstaff
rCold    . . .     Faith    .   (shield currently unavailable)
rNeg     . . .     Spirit   .   b - +0 leather armour
rPois    .         Reflect  .   c - +0 helmet
rElec    .         Harm     .   (no cloak)
rCorr    .         Rampage  .   (no gloves)
Will     .....                  (no boots)
Stlth    +.........             (no amulet)
HPRegen  0.07/turn              (no ring)
MPRegen  0.08/turn              (no ring)

@: no status effects
A: talons 1
a: no special abilities


You were on level 1 of the Dungeon.
You visited 1 branch of the dungeon, and saw 1 of its levels.

Inventory:

Hand Weapons
 a - a +0 quarterstaff (weapon)
 f - a +2 dagger of draining
Missiles
 d - 3 throwing nets (quivered)
Armour
 b - a +0 leather armour (worn)
 c - a +0 helmet (worn)
Potions
 e - a potion of curing {unknown}


   Skills:
 + Level 2.0 Fighting
 + Level 2.9 Staves
 + Level 1.8 Throwing
 + Level 3.0 Dodging


You had one spell level left.
You didn't know any spells.
Your spell library was empty.

Dungeon Overview and Level Annotations

Branches:
Dungeon (1/15)

Altars:


Innate Abilities, Weirdness & Mutations

You have sharp toenails.


Message History

A rat comes into view.
The hobgoblin closely misses you.
You hit the hobgoblin.
The hobgoblin is moderately wounded.
The rat barely misses you. The hobgoblin hits you.
You hit the hobgoblin. You claw the hobgoblin.
You kill the hobgoblin!
The rat barely misses you.
You hit the endoplasm.
The endoplasm is moderately wounded.
The rat closely misses you. The endoplasm hits you.
You hit the endoplasm.
The endoplasm is severely wounded.
The rat barely misses you. The endoplasm freezes you.
You are frozen.
The rat bites you but does no damage.
You are too injured to fight recklessly!
You are too injured to fight recklessly!
You are too injured to fight recklessly!
You are too injured to fight recklessly!
Unknown command.
You are too injured to fight recklessly!
You barely miss the endoplasm. The endoplasm freezes you.
You are frozen.
* * * LOW HITPOINT WARNING * * *
The rat bites you.
* * * LOW HITPOINT WARNING * * *
The rat twitches its whiskers.
Found a falchion.
The rat twitches its whiskers.
You barely miss the endoplasm. You claw the endoplasm.
The endoplasm is heavily wounded.
The endoplasm hits you.
* * * LOW HITPOINT WARNING * * *
You hit the endoplasm but do no damage.
The endoplasm is heavily wounded.
The endoplasm freezes you.
You are frozen.
You die...

#.#.# #..##.####.# #.#.#
#.).†......## ###.#.#
#............ #...#.#
#.###.####.## #...#.# #.#
#.# #... #...#.# #.# #.#
#.##
###.#.####.###.####.##
#.#...............##
#.#@####.###.####.#( #.#J#
#.# #>##.###.
#.#r####.###.#...#.(
#.#.J.r.J....#..(#((
######'#.####.r...#.<.'.(
#......(.# #####.#..(#.(
#........# #.#)..#.(
#........# #r##.###.
##........########..#####(


You could see 2 endoplasms and a rat.

Vanquished Creatures
  An endoplasm (D:1)
  A giant cockroach (D:1)
  A goblin (D:1)
  2 hobgoblins (D:1)
  A quokka (D:1)
  A bat (D:1)
  A kobold (D:1)
  A rat (D:1)
9 creatures vanquished.

Notes
Turn   | Place    | Note
-------+----------+-------------------------------------------
     0 | D:1      | Malachi the Demonspawn Gladiator began the quest for the
                  | Orb.
     0 | D:1      | Reached XP level 1. HP: 16/16 MP: 1/1
   143 | D:1      | Reached skill level 3 in Dodging
   146 | D:1      | Gained mutation: You have sharp toenails. [demonic
                  | ancestry]
   146 | D:1      | Reached XP level 2. HP: 18/22 MP: 2/2
   188 | D:1      | Frozen to death by an endoplasm

Illustrated notes

Levels and vault maps discovered:
D:1:      minmay_arrival_shattered_statue, layout_basic

Skill      XL: |  1 |
---------------+----+-----
Dodging        | 3 |  3.0
Fighting       | |  2.0
Staves         | |  2.9
Throwing       | |  1.8

Action                   || total
-------------------------++-------
Melee: Quarterstaff      ||    26
       Kick              ||     2
Armor: Leather armour    ||     9
Dodge: Dodged            ||    14
